 Dungeon Crawl Stone Soup version 0.31-a0-844-gdc52ec4e09 (webtiles) character file.

Game seed: 15286945529526935569

207912 scionoferis the Brawler (level 18, -2/169 HPs)
             Began as a Hill Orc Monk on Sept 29, 2023.
             Was an Elder of Beogh.
             Killed by the air
             ... invoked by a wind drake
              (22 damage)
             ... on level 2 of the Shoals.
             The game lasted 03:14:43 (45993 turns).

scionoferis the Brawler (Hill Orc Monk)            Turns: 45993, Time: 03:14:44

Health: -2/169     AC: 28    Str: 30    XL:     18   Next: 77%
Magic:  28/31      EV: 11    Int: 10    God:    Beogh [****..]
Gold:   2868       SH: 15    Dex: 15    Spells: 17/17 levels left

rFire   + .          .
                       - Unarmed
rCold   + . .        K - +2 kite shield {AC+3}
rNeg    + . .        W - +3 chain mail {rF+}
rPois   .            (no helmet)
rElec   .            k - +1 cloak {rC+}
rCorr   .            T - +2 pair of gloves of Peek-a-Boo {rN+ Str+3 Dex+2}
SInv    .            a - +2 pair of boots {rampage}
Will    ++...        B - amulet "Fied Yko" {Regen+ Str+5 Stlth+} Stlth
                     b - ring of willpower
HPRegen 1.28/turn    U - ring of flight
MPRegen 0.22/turn

%: rampage
@: flying, studying Ice Magic
A: no striking features
}: 1/15 runes: serpentine
a: Renounce Religion, Smiting, Recall Orcish Followers


You were on level 2 of the Shoals.
You worshipped Beogh.
Beogh was greatly pleased with you.
You visited 5 branches of the dungeon, and saw 28 of its levels.
You also visited: Sewer and Ice Cave.

You collected 3590 gold pieces.
You spent 722 gold pieces at shops.


   Skills:
 + Level 17.0 Fighting
 + Level 12.5 Armour
 - Level 5.0 Dodging
 * Level 14.2 Shields
 * Level 19.7 Unarmed Combat
 + Level 19.4 Invocations
 + Level 9.2 Evocations


You had 17 spell levels left.
You didn't know any spells.
Your spell library contained the following spells:

 Spells                   Type           Power      Damage    Failure   Level
 Freeze                   Ice            0%         1d3       85%         1
 Kiss of Death            Conj/Necr      0%         2d5       85%         1
 Necrotise                Necr           0%         1d4       85%         1
 Sandblast                Erth           0%         2d4       85%         1
 Blink                    Tloc           0%         N/A       94%         2
 Ensorcelled Hibernation  Hex/Ice        0%         N/A       94%         2
 Jinxbite                 Hex            0%         N/A       94%         2
 Lesser Beckoning         Tloc           0%         N/A       94%         2
 Momentum Strike          Conj/Tloc      0%         3d8       94%         2
 Passwall                 Tmut/Erth      0%         N/A       94%         2
 Confusing Touch          Hex            0%         N/A       99%         3
 Frozen Ramparts          Ice            0%         1d1       99%         3
 Gell's Gravitas          Tloc           0%         N/A       99%         3
 Hailstorm                Conj/Ice       0%         3d3       99%         3
 Ozocubu's Armour         Ice            0%         N/A       99%         3
 Stone Arrow              Conj/Erth      0%         3d7       99%         3
 Teleport Other           Tloc           0%         N/A       99%         3
 Tukima's Dance           Hex            0%         N/A       99%         3
 Vampiric Draining        Necr           0%         2d6       99%         3
 Anguish                  Hex/Necr       0%         N/A       100%        4
 Animate Dead             Necr           0%         N/A       100%        4
 Brom's Barrelling Bould  Conj/Erth      0%         2d3       100%        4
 Dimensional Bullseye     Hex/Tloc       0%         N/A       100%        4
 Dispel Undead            Necr           0%         3d6       100%        4
 Iskenderun's Mystic Bla  Conj/Tloc      0%         2d3       100%        4
 Olgreb's Toxic Radiance  Pois           0%         N/A       100%        4
 Petrify                  Tmut/Erth      0%         N/A       100%        4
 Summon Ice Beast         Ice/Summ       0%         N/A       100%        4
 Agony                    Necr           0%         N/A       100%        5
 Borgnjor's Vile Clutch   Necr/Erth      0%         N/A       100%        5
 Fireball                 Conj/Fire      0%         3d3       100%        5
 Iskenderun's Battlesphe  Conj           0%         2d6       100%        5
 Metabolic Englaciation   Hex/Ice        0%         N/A       100%        5
 Bombard                  Conj/Erth      0%         9d1       100%        6
 Conjure Ball Lightning   Conj/Air       0%         3x3d6     100%        6
 Death Channel            Necr           0%         N/A       100%        6
 Simulacrum               Ice/Necr       0%         N/A       100%        6
 Malign Gateway           Summ/Tloc      0%         N/A       100%        7
 Orb of Destruction       Conj           0%         9d5       100%        7
 Ozocubu's Refrigeration  Ice            0%         4d7       100%        7
 Spellforged Servitor     Conj/Summ      0%         N/A       100%        7
 Discord                  Hex            0%         N/A       100%        8
 Ignition                 Fire           0%         3d3       100%        8
 Summon Horrible Things   Summ           0%         N/A       100%        8
 Polar Vortex             Ice            0%         N/A       100%        9

Inventory:

Hand Weapons
 w - a +5 antimagic longbow
   (You took it off Vashnia on level 3 of the Snake Pit)
Missiles
 f - 5 boomerangs
 g - 60 poisoned darts (quivered)
 O - 6 curare-tipped darts
 P - 4 throwing nets
Armour
 a - a +2 pair of boots of rampaging (worn)
   (You found it in an ice cave)
 c - an orb of light
 h - a +2 kite shield of reflection
   (You took it off a naga warrior on level 2 of the Snake Pit)
 k - a +1 cloak of cold resistance (worn)
   (You found it in an ice cave)
 K - a +2 kite shield of protection (worn)
   (You took it off a naga warrior on level 4 of the Snake Pit)
 T - the +2 pair of gloves of Peek-a-Boo (worn) {rN+ Str+3 Dex+2}
   (You found it on level 5 of the Lair of Beasts)

   Str+3:     It affects your strength (+3).
   Dex+2:     It affects your dexterity (+2).
   rN+:       It protects you from negative energy.
 W - a +3 chain mail of fire resistance (worn)
   (You found it on level 5 of the Lair of Beasts)
Jewellery
 b - a ring of willpower (left hand)
   (You bought it in a shop on level 1 of the Snake Pit)
 r - the ring of the Beastly God {Ice Will+ Str+3}
   (You found it in an ice cave)

   [ring of ice]

   Ice:       It enhances your ice magic.
   Str+3:     It affects your strength (+3).
   rF-:       It makes you vulnerable to fire.
   rC+:       It protects you from cold.
   Will+:     It increases your willpower.
 s - a ring of protection from fire
   (You found it on level 1 of the Shoals)
 B - the amulet "Fied Yko" (around neck) {Regen+ Str+5 Stlth+}
   (You found it on level 4 of the Snake Pit)

   [amulet of regeneration]

   Str+5:     It affects your strength (+5).
   Regen+:    It increases your rate of health regeneration.
   Stlth+:    It makes you more stealthy.
 C - a ring of poison resistance
   (You found it on level 5 of the Dungeon)
 F - a ring of protection from cold
   (You found it on level 15 of the Dungeon)
 G - a ring of protection from cold
   (You took it off a merfolk impaler on level 1 of the Shoals)
 L - a ring of protection from fire
   (You took it off a kobold on level 6 of the Dungeon)
 U - a ring of flight (right hand)
   (You bought it in a shop on level 1 of the Snake Pit)
Wands
 q - a wand of paralysis (2)
   (You found it on level 14 of the Dungeon)
 A - a wand of digging (14)
   (You found it on level 11 of the Dungeon)
 D - a wand of flame (46)
   (You found it on level 5 of the Dungeon)
 H - a wand of roots (30)
   (You found it on level 6 of the Dungeon)
Scrolls
 e - 3 scrolls of revelation
 i - a scroll of silence
 n - 3 scrolls of poison
 p - 4 scrolls of summoning
 u - 2 scrolls of identify
 x - 5 scrolls of teleportation
 y - 7 scrolls of fog
 I - a scroll of fear
 J - 2 scrolls of blinking
Potions
 d - 4 potions of magic
 j - a potion of brilliance
 l - 5 potions of enlightenment
 m - 3 potions of resistance
 o - 2 potions of invisibility
 t - 3 potions of curing
 v - 3 potions of haste
 z - 4 potions of cancellation
 E - 3 potions of heal wounds
 M - 6 potions of might
 N - a potion of lignification
 R - a potion of ambrosia
 S - a potion of mutation
Miscellaneous
 V - a phial of floods
   (You found it on level 5 of the Lair of Beasts)

Dungeon Overview and Level Annotations

Branches:
Dungeon (15/15)            Temple (0/1) D:6            Lair (5/5) D:8
 Shoals (2/4) Lair:3        Snake (4/4) Lair:2        Slime (0/5) Lair:5
    Orc (2/2) D:12            Elf (0/3) Orc:2        Vaults (0/5) D:14
 Depths (0/4) D:15          Sewer (visited)           IceCv (visited)

Altars:
Ashenzari
Gozag
Makhleb
Okawaru
Sif Muna
Trog
Vehumet
Wu Jian
Xom
Yredelemnul
Beogh
Jiyva

Shops:
D:8 (   D:14 *   D:15 [   Orc:2 :(:(   Snake:1 =:=   Snake:4 :*

Annotations:
Shoals:1 3 runed translucent doors, riojii's ghost, adept DsSh

≈≈≈~~~~[. .~~ ≈≈~~~~~~#
####k~~ ≈~~~~~~~##
###....~~~ ..~≈≈~~~.~~~.#
##....~~~~~
≈≈≈≈≈~~..~~~.###..~~~~~~~~
≈≈≈≈~~~...~~~..~~~)~~~~~~~
≈≈≈≈~~.###.~))..~~)≈≈~~~~~
≈≈≈≈~..# #..)~)~~)≈≈≈~~~~~
≈≈≈≈≈~.###.~~~~~@~≈≈≈≈≈≈~~
~≈≈≈~~...)~~~~~~~~~~~~~≈≈≈
~~~~~~~~o~~~~~~~~~~~~~~~≈≈
~~~~~)~~~~~~~~~≈~~~~~~~~~~
P~~~))...~~~≈≈≈~~~~~~~~~~~
.~~..###.~~~≈≈≈~~~~~~~~~~P
~P~..# #.~~~≈≈≈~~~~~~~~~~
~~...###.~~≈≈≈~~~~≈≈~~≈≈
~.P......~~≈~~~~.


You could see a wind drake (repels missiles).


Message History

You fly downwards.
There is a stone staircase leading up, spattered with blood here.
A merfolk impaler comes into view.
It is wielding a +0 trident of holy wrath.
The merfolk impaler shouts!
There is a stone staircase leading up here.
You rampage towards the merfolk impaler!
You closely miss the merfolk impaler.
The merfolk impaler hits you but does no damage.
The merfolk impaler hits you with a +0 trident of holy wrath.
The merfolk impaler misses you.
You fly upwards.
Level annotation: 3 runed translucent doors, riojii's ghost, adept DsSh Your orc knight roars a battlecry!
Your orcs go into a battle-frenzy!
Your orc knight roars a battlecry!
Your orc knight goes into a battle-frenzy!
Your orc knight closely misses the merfolk impaler.
Your orc sorcerer mumbles some strange words.
There is a stone staircase leading down here.
You pummel the merfolk impaler!!
The merfolk impaler is heavily wounded.
You block the merfolk impaler's attack.
Your orc knight hits the merfolk impaler with a +0 dire flail!
You pummel the merfolk impaler!!
The merfolk impaler is almost dead.
You block the merfolk impaler's attack.
Your chaos spawn gores the merfolk impaler!
The merfolk impaler resists with almost no effort.
The merfolk impaler hits your chaos spawn with a +0 trident of holy wrath!
Your chaos spawn convulses!
You strike the helpless merfolk impaler from behind!
You pummel the merfolk impaler!!
You kill the merfolk impaler!
Beogh accepts your kill.
You hear a splash. x3
Unknown command.
You swap places.
G - a ring of protection from cold
Things that are here:
a +0 trident of holy wrath; a +0 robe You swap places.
There is a stone staircase leading down here.
Unknown command.
What are your orders? t - Shout!
Orders for allies: a - Attack new target. r - Retreat! s - Stop attacking. g - Guard the area. f - Follow me.
Anything else - Cancel.
Guard this area!
You fly downwards.
Your summoned allies are left behind.
There is a stone staircase leading up here.
The sea snake bites you but does no damage.
You fly upwards.
Level annotation: 3 runed translucent doors, riojii's ghost, adept DsSh Your red devil disappears in a puff of smoke!
Your chaos spawn degenerates into a cloud of primal chaos!
Your orc knight hits the sea snake with a +0 dire flail!!
There is a stone staircase leading down here.
You pummel the sea snake!!
The sea snake is severely wounded.
You block the sea snake's attack.
Your orc knight hits the sea snake with a +0 dire flail!!
The sea snake dies!
Beogh accepts your kill.
Your orc knight looks more experienced.
You fly downwards.
There is a stone staircase leading up here.
A faun comes into view. It is wielding a +0 club.
The faun shouts!
The faun hits the plant with a +0 club!!
The plant begins to die.
There is a stone staircase leading up here.
The faun hits the plant with a +0 club!
The plant begins to die.
You fly upwards.
Level annotation: 3 runed translucent doors, riojii's ghost, adept DsSh
There is a stone staircase leading down here.
What are your orders? t - Shout!
Orders for allies: a - Attack new target. r - Retreat! s - Stop attacking. g - Guard the area. f - Follow me.
Anything else - Cancel.
Follow me!
Riojii's ghost turns its malevolent gaze towards you.
There is a staircase back to the Lair here.
There is a stone staircase leading down here.
You swap places.
There is a staircase back to the Lair here.
What are your orders? t - Shout!
Orders for allies: a - Attack new target. r - Retreat! s - Stop attacking. g - Guard the area. f - Follow me.
Anything else - Cancel.
You shout for attention!
What are your orders? t - Shout!
Orders for allies: a - Attack new target. r - Retreat! s - Stop attacking. g - Guard the area. f - Follow me.
Anything else - Cancel.
You shout for attention!
What are your orders? t - Shout!
Orders for allies: a - Attack new target. r - Retreat! s - Stop attacking. g - Guard the area. f - Follow me.
Anything else - Cancel.
Follow me!
What are your orders? t - Shout!
Orders for allies: a - Attack new target. r - Retreat! s - Stop attacking. g - Guard the area. f - Follow me.
Anything else - Cancel.
Follow me!
What are your orders? t - Shout!
Orders for allies: a - Attack new target. r - Retreat! s - Stop attacking. g - Guard the area. f - Follow me.
Anything else - Cancel.
Follow me!
You swap places.
What are your orders? t - Shout!
Orders for allies: a - Attack new target. r - Retreat! s - Stop attacking. g - Guard the area. f - Follow me.
Anything else - Cancel.
Follow me!
You see here a harpy corpse.
You see here a harpy corpse.
You swap places.
What are your orders? t - Shout!
Orders for allies: a - Attack new target. r - Retreat! s - Stop attacking. g - Guard the area. f - Follow me.
Anything else - Cancel.
Follow me!
Riojii's ghost says, "A storm is coming..."
There is a stone staircase leading down here.
What are your orders? t - Shout!
Orders for allies: a - Attack new target. r - Retreat! s - Stop attacking. g - Guard the area. f - Follow me.
Anything else - Cancel.
Guard this area!
You fly downwards.
Found an escape hatch in the floor.
There is a stone staircase leading up here.
A water elemental comes into view.
You rampage towards the merfolk!
You closely miss the merfolk. The merfolk hits you with a +0 trident.
The merfolk barely misses you.
You fly upwards.
Level annotation: 3 runed translucent doors, riojii's ghost, adept DsSh Your orc knight throws a boomerang.
The boomerang hits the merfolk!
There is a stone staircase leading down here.
Unknown command.
You hit the merfolk but do no damage.
The merfolk is lightly wounded.
Your orc knight roars a battlecry!
Your orcs go into a battle-frenzy!
You hit the merfolk but do no damage.
The merfolk is lightly wounded.
The merfolk hits you with a +0 trident!
Your orc sorcerer splashes around in the water.
You pummel the merfolk!!
The merfolk is severely wounded.
The merfolk hits you but does no damage.
Your orc knight hits the merfolk with a +0 great mace!!
The merfolk dies!
Beogh accepts your kill.
You hear a splash.
Your orc knight looks more experienced.
You fly downwards.
There is a stone staircase leading up here.
The water elemental hits you.
The water elemental engulfs you in water!
You fly upwards.
The water engulfing you falls away.
You gasp with relief as air once again reaches your lungs.
Level annotation: 3 runed translucent doors, riojii's ghost, adept DsSh Your orc knight throws a boomerang.
The boomerang barely misses the water elemental.
Your orc knight roars a battlecry!
Your orc knight goes into a battle-frenzy!
There is a stone staircase leading down, spattered with blood here.
You pound the water elemental into fine dust!!!
The water elemental is almost destroyed.
The water elemental hits you.
You hit the water elemental but do no damage.
The water elemental is almost destroyed.
You pulverise the water elemental!!!
You destroy the water elemental!
Beogh accepts your kill.
Unknown command.
You fly downwards.
There is a stone staircase leading up here.
Found an escape hatch in the ceiling.
A skyshark comes into view.
There is a stone staircase leading up here.
There is a stone staircase leading up here.
You block the skyshark's attack. x2
The skyshark tail-slaps you but does no damage.
You fly upwards.
Level annotation: 3 runed translucent doors, riojii's ghost, adept DsSh Your orc sorcerer hits the skyshark but does no damage.
There is a stone staircase leading down, spattered with blood here.
Unknown command.
You hit the skyshark but do no damage.
Your orc sorcerer barely misses the skyshark.
Your orc knight hits the skyshark with a +0 great mace!!
The skyshark bites you but does no damage.
The skyshark closely misses you. You block the skyshark's attack.
You punch the skyshark!
The skyshark is moderately wounded.
Your orc knight hits the skyshark with a +0 dire flail!!!
Your orc sorcerer casts a spell at the skyshark.
The skyshark resists with significant effort.
Your orc knight barely misses the skyshark.
Unknown command.
You hit the skyshark but do no damage.
The skyshark is almost dead.
You block the skyshark's attack. x2
The skyshark tail-slaps you but does no damage.
Your orc knight barely misses the skyshark.
Your orc sorcerer hits the skyshark with a +0 dagger.
You pummel the skyshark!!
You kill the skyshark!
Beogh accepts your kill.
Your orc knight no longer looks unusually strong.
You fly downwards.
There is a stone staircase leading up here.
Found 7 stones.
A merfolk impaler comes into view. It is wielding a +4 trident of flaming.
The merfolk impaler shouts!
There is a stone staircase leading up here.
The faun shouts!
The faun unwields a +0 club.
The faun wields a +0 sling.
The faun shoots a sling bullet.
You block the sling bullet.
The faun shoots a sling bullet.
The sling bullet hits you!
The faun shoots a sling bullet.
You block the sling bullet.
The faun points at you and mumbles some strange words.
Your willpower is stripped away!
The faun shoots a sling bullet.
The sling bullet hits you.
You rampage towards the merfolk impaler!
You punch the merfolk impaler!
The merfolk impaler is lightly wounded.
You block the merfolk impaler's attack. The merfolk impaler misses you.
You block the merfolk impaler's attack.
You fly upwards.
Level annotation: 3 runed translucent doors, riojii's ghost, adept DsSh Your orc knight roars a battlecry!
Your orc knight goes into a battle-frenzy!
Your orc knight roars a battlecry!
Your orc knight goes into a battle-frenzy!
There is a stone staircase leading down, spattered with blood here.
You pummel the merfolk impaler!!
The merfolk impaler is moderately wounded.
The merfolk impaler barely misses you.
Your orc knight barely misses the merfolk impaler.
You hit the merfolk impaler but do no damage.
The merfolk impaler is moderately wounded.
Your orc knight hits the merfolk impaler with a +0 great mace!!!
The merfolk impaler hits you but does no damage.
You hit the merfolk impaler but do no damage.
The merfolk impaler is almost dead.
Your orc knight misses the merfolk impaler.
You block the merfolk impaler's attack.
Your orc knight hits the merfolk impaler with a +0 great mace!
The merfolk impaler dies!
Beogh accepts your kill.
You hear a splash. x2
You start resting.
HP restored.
You swap places.
Things that are here:
a +0 trident; a merfolk corpse You swap places.
Things that are here:
a +4 trident of flaming; a +0 leather armour; a merfolk corpse
There is a stone staircase leading down, spattered with blood here.
You start waiting.
You feel your willpower return. What are your orders? t - Shout!
Orders for allies: a - Attack new target. r - Retreat! s - Stop attacking. g - Guard the area. f - Follow me.
Anything else - Cancel.
Follow me!
Your orc knight no longer looks unusually strong.
Your orc knight no longer looks unusually strong.
There are no items here.
What are your orders? t - Shout!
Orders for allies: a - Attack new target. r - Retreat! s - Stop attacking. g - Guard the area. f - Follow me.
Anything else - Cancel.
Guard this area!
You fly downwards.
There is a stone staircase leading up here.
There is a stone staircase leading up here.
The faun shoots a sling bullet.
You block the sling bullet.
There is a stone staircase leading up here.
There is a stone staircase leading up here.
The faun shoots a sling bullet.
The sling bullet hits you!
You rampage towards the faun!
You barely miss the faun. You punch the faun!
The faun is lightly wounded.
The faun unwields a +0 sling.
The faun wields a +0 club.
You block the faun's attack.
You closely miss the faun.
The faun is lightly wounded.
You block the faun's attack.
You pummel the faun!!
The faun is severely wounded.
You pummel the faun!!
You kill the faun!
Beogh accepts your kill.
Things that are here:
a +0 club; a +0 sling; a faun corpse A snapping turtle comes into view.
There is a stone staircase leading up here.
You rampage towards the snapping turtle!
You barely miss the snapping turtle. The snapping turtle bites you!
You block the snapping turtle's attack.
You fly upwards.
Level annotation: 3 runed translucent doors, riojii's ghost, adept DsSh
There is a stone staircase leading down here.
Unknown command.
You punch the snapping turtle!
The snapping turtle is moderately wounded.
You hit the snapping turtle.
The snapping turtle is moderately wounded.
The snapping turtle bites you but does no damage.
You barely miss the snapping turtle.
The snapping turtle is moderately wounded.
The snapping turtle bites you but does no damage.
You punch the snapping turtle!
The snapping turtle is heavily wounded.
You hit the snapping turtle but do no damage.
The snapping turtle is heavily wounded.
You block the snapping turtle's attack.
Your orc knight roars a battlecry!
Your orc knight goes into a battle-frenzy!
You hit the snapping turtle but do no damage.
The snapping turtle is heavily wounded.
Your orc knight roars a battlecry!
Your orcs go into a battle-frenzy!
The snapping turtle bites you!
You barely miss the snapping turtle.
The snapping turtle is heavily wounded.
Your orc sorcerer hits the snapping turtle with a +0 dagger.
Your orc knight hits the snapping turtle with a +0 great mace!!
You beat the snapping turtle into a bloody pulp!!!
You kill the snapping turtle!
Beogh accepts your kill. What are your orders? t - Shout!
Orders for allies: a - Attack new target. r - Retreat! s - Stop attacking. g - Guard the area. f - Follow me.
Anything else - Cancel.
Follow me!
You swap places.
Things that are here:
a +0 trident; a snapping turtle corpse; a merfolk corpse You swap places.
Your orc knight says, "Orcs get a bad rep."
There is a stone staircase leading down here.
You start resting.
Your orc knight no longer looks unusually strong. x2
Your orc sorcerer no longer looks unusually strong.
HP restored.
What are your orders? t - Shout!
Orders for allies: a - Attack new target. r - Retreat! s - Stop attacking. g - Guard the area. f - Follow me.
Anything else - Cancel.
Guard this area!
You fly downwards.
The snapping turtle hisses angrily.
Found a stone staircase leading down.
There is a stone staircase leading up here.
A water nymph comes into view.
The water nymph shouts!
The water nymph casts a spell at you. The water rises up and strikes you!!
A merfolk comes into view. It is wielding a +0 trident.
You block the snapping turtle's attack.
The merfolk throws a boomerang.
The boomerang hits you.
There is a stone staircase leading up here.
The snapping turtle bites you but does no damage.
You fly upwards.
Level annotation: 3 runed translucent doors, riojii's ghost, adept DsSh Your orc sorcerer casts a spell at the snapping turtle.
The bolt of negative energy hits the snapping turtle!!
The snapping turtle is drained!
There is a stone staircase leading down here.
You pummel the snapping turtle!!
The snapping turtle is almost dead.
Your orc knight roars a battlecry!
Your orcs go into a battle-frenzy!
You hit the snapping turtle but do no damage.
The snapping turtle is almost dead.
Your orc sorcerer hits the snapping turtle with a +0 dagger!
The snapping turtle dies!
Beogh accepts your kill.
Unknown command.
You fly downwards.
The water nymph's watery aura covers the stone staircase leading up.
A merfolk comes into view. It is wielding a +0 trident.
You closely miss the water nymph.
The merfolk shouts!
The water nymph closely misses you.
You closely miss the water nymph. You closely miss the water nymph.
The water nymph touches you. The water nymph drowns you!
You pummel the water nymph!!
The water nymph is heavily wounded.
You block the merfolk's attack. You block the water nymph's attack.
You closely miss the water nymph.
The water nymph is heavily wounded.
A skyshark comes into view.
You block the merfolk's attack.
You punch the water nymph!
The water nymph is severely wounded.
You block the water nymph's attack. The merfolk closely misses you.
You squash the water nymph like an ant!!!
You kill the water nymph!
Beogh accepts your kill.
The merfolk hits you but does no damage.
You block the merfolk's attack.
You rampage towards the merfolk!
You barely miss the merfolk. You block the merfolk's attack.
The merfolk hits you but does no damage.
The merfolk misses you.
You fly upwards.
Level annotation: 3 runed translucent doors, riojii's ghost, adept DsSh Your orc sorcerer closely misses the merfolk.
Your orc knight hits the merfolk with a +0 great mace!! x2
Your orc sorcerer hits the merfolk with a +0 dagger.
The merfolk dies!
Beogh accepts your kill.
You hear a splash. x2
There is a stone staircase leading down here.
You beat the merfolk into a bloody pulp!!!
The merfolk is severely wounded.
Your orc knight splashes around in the water.
You barely miss the merfolk.
The merfolk is severely wounded.
The merfolk hits you with a +0 trident!
Your orc knight hits the merfolk with a +0 dire flail!
Unknown command.
You beat the merfolk into a bloody pulp!!!
You kill the merfolk!
Beogh accepts your kill.
You hear a splash.
Unknown command.
You fly downwards.
The skyshark bites you but does no damage.
You block the skyshark's attack.
The skyshark tail-slaps you but does no damage.
The skyshark hisses menacingly.
The skyshark bites you but does no damage.
The skyshark tail-slaps you but does no damage.
You block the skyshark's attack.
There is a stone staircase leading up here.
You block the skyshark's attack. x2
The skyshark tail-slaps you but does no damage.
You fly upwards.
Level annotation: 3 runed translucent doors, riojii's ghost, adept DsSh Your orc sorcerer hits the skyshark with a +0 dagger!
Your orc knight splashes around in the water.
Your orc sorcerer hits the skyshark with a +0 dagger.
There is a stone staircase leading down here.
You closely miss the skyshark.
The skyshark is lightly wounded.
Your orc knight barely misses the skyshark.
You block the skyshark's attack.
The skyshark tail-slaps you but does no damage.
You block the skyshark's attack.
Your orc knight hits the skyshark with a +0 dire flail!
You catch the helpless skyshark completely off-guard!
You pummel the skyshark like a punching bag!!!
The skyshark is almost dead.
Your orc sorcerer hits the skyshark with a +0 dagger!
The skyshark dies!
Beogh accepts your kill.
Your orc sorcerer looks more experienced.
Things that are here:
a +0 trident; a merfolk corpse
f - 2 boomerangs (gained 1)
Things that are here:
a +0 trident; a merfolk corpse
There is a stone staircase leading down here.
Your orc sorcerer no longer looks unusually strong.
You fly downwards.
There is a stone staircase leading up here.
There is a stone staircase leading up here.
You see here a water nymph corpse.
Found 17 gold pieces.
You see here a water nymph corpse.
A snapping turtle comes into view.
The snapping turtle hisses angrily.
There is a stone staircase leading up here.
You rampage towards the snapping turtle!
You pummel the snapping turtle!!
The snapping turtle is moderately wounded.
The snapping turtle barely misses you.
The snapping turtle bites you but does no damage.
You fly upwards.
Level annotation: 3 runed translucent doors, riojii's ghost, adept DsSh Your orc knight hits the snapping turtle but does no damage. x2
There is a stone staircase leading down here.
Unknown command.
You hit the snapping turtle but do no damage.
The snapping turtle is moderately wounded.
You block the snapping turtle's attack.
Your orc knight hits the snapping turtle with a +0 dire flail!
Your orc sorcerer hits the snapping turtle with a +0 dagger!
You punch the snapping turtle!
The snapping turtle is severely wounded.
Your orc knight hits the snapping turtle with a +0 great mace.
You barely miss the snapping turtle.
The snapping turtle is almost dead.
The snapping turtle bites you but does no damage.
Your orc knight hits the snapping turtle but does no damage.
Your orc sorcerer hits the snapping turtle but does no damage.
Your orc knight hits the snapping turtle with a +0 great mace!
You hit the snapping turtle but do no damage.
The snapping turtle is almost dead.
Your orc sorcerer closely misses the snapping turtle.
You block the snapping turtle's attack.
Your orc knight hits the snapping turtle with a +0 dire flail.
The snapping turtle dies!
Beogh accepts your kill. What are your orders? t - Shout!
Orders for allies: a - Attack new target. r - Retreat! s - Stop attacking. g - Guard the area. f - Follow me.
Anything else - Cancel.
Follow me!
You fly downwards.
There is a stone staircase leading up here.
Found a stone staircase leading down.
Found a book of Spatial Translocations.
You pick up a book of Spatial Translocations and begin reading...
You add the spells Blink and Momentum Strike to your library.
Unknown command.
A sea snake comes into view.
You pummel the sea snake!!
The sea snake is moderately wounded.
The sea snake bites you but does no damage.
You barely miss the sea snake.
The sea snake is moderately wounded.
Your orc knight roars a battlecry!
Your orcs go into a battle-frenzy!
You block the sea snake's attack.
You barely miss the sea snake.
The sea snake is moderately wounded.
Your orc knight roars a battlecry!
Your orc knight goes into a battle-frenzy!
Your orc sorcerer hits the sea snake with a +0 dagger!
Your orc knight hits the sea snake with a +0 great mace!!
You block the sea snake's attack.
You pummel the sea snake!!
You kill the sea snake!
Beogh accepts your kill.
Your orc knight no longer looks unusually strong. x2
Your orc sorcerer no longer looks unusually strong.
Your orc sorcerer hits the plant with a +0 dagger!
The plant begins to die.
A nearby plant withers and dies.
Found 27 gold pieces.
Found a stone staircase leading down.
You swap places.
You swap places.
You now have 2868 gold pieces (gained 27).
There is a stone staircase leading down here.
Unknown command.
Your orc knight hits the plant with a +0 dire flail!!
The plant begins to die.
Your orc knight hits the plant with a +0 dire flail!
Your orc knight hits the plant with a +0 dire flail!
Your orc knight hits the plant with a +0 dire flail!!
A nearby plant withers and dies.
N - a potion of lignification Your orc knight hits the plant with a +0 dire flail!
The plant begins to die.
Your orc knight hits the plant with a +0 great mace!!
The plant begins to die.
Your orc knight hits the plant with a +0 great mace!
Something hits the plant!!
A nearby plant withers and dies.
A nearby plant withers and dies.
A merfolk comes into view.
It is wielding a +2 halberd of freezing.
The merfolk shouts!
A merfolk comes into view. It is wielding a +0 halberd.
Unknown command.
Press: ? - help, v - describe, . - travel
Here: a merfolk, wielding a +0 halberd and quivering a throwing net (wandering, hasn't noticed you) Some shallow water.
Unknown command.
What are your orders? t - Shout!
Orders for allies: a - Attack new target. r - Retreat! s - Stop attacking. g - Guard the area. f - Follow me.
Anything else - Cancel.
Follow me!
The merfolk shouts!
You hear a shout! x2
A merfolk impaler comes into view. It is wielding a +0 trident.
You swap places.
A merfolk comes into view. It is wielding a +0 trident.
Unknown command.
What are your orders? t - Shout!
Orders for allies: a - Attack new target. r - Retreat! s - Stop attacking. g - Guard the area. f - Follow me.
Anything else - Cancel.
Follow me!
The merfolk throws a throwing net.
You block the throwing net.
You hear a splash.
You swap places.
You block the merfolk's attack. What are your orders? t - Shout!
Orders for allies: a - Attack new target. r - Retreat! s - Stop attacking. g - Guard the area. f - Follow me.
Anything else - Cancel.
Retreat in which direction?
Press: ? - help, Dir - move target Fall back!
You block the merfolk's attack.
The merfolk impaler hits your orc sorcerer with a +0 trident!
A merfolk comes into view. It is wielding a +0 spear.
The merfolk impaler closely misses you. The merfolk misses your orc sorcerer.
The merfolk impaler completely misses you.
You pummel the merfolk!!
The merfolk is heavily wounded.
The merfolk hits you but does no damage.
The merfolk impaler closely misses you.
The merfolk barely misses your orc sorcerer.
You closely miss the merfolk.
The merfolk is moderately wounded.
You block the merfolk impaler's attack.
The merfolk hits you from afar with a +0 halberd!
The merfolk hits you with a +2 halberd of freezing.
The merfolk freezes you.
You completely miss the merfolk.
The merfolk is moderately wounded.
You block the merfolk impaler's attack. You block the merfolk's attack.
The merfolk impaler hits you from afar with a +0 trident.
You barely miss the merfolk.
The merfolk is moderately wounded.
You block the merfolk's attack.
The merfolk impaler hits you but does no damage.
You pummel the merfolk!!
The merfolk is almost dead.
You block the merfolk's attack. You block the merfolk impaler's attack.
You pummel the merfolk!!
You kill the merfolk!
Beogh accepts your kill.
You hear a splash.
You block the merfolk impaler's attack.
The merfolk hits you from afar with a +0 halberd!
The merfolk impaler attacks as it pursues you!
The merfolk impaler hits you but does no damage.
What are your orders? t - Shout!
Orders for allies: a - Attack new target. r - Retreat! s - Stop attacking. g - Guard the area. f - Follow me.
Anything else - Cancel.
Follow me!
You block the merfolk impaler's attack. You block the merfolk's attack.
You block the merfolk impaler's attack. You block the merfolk impaler's attack.
The merfolk closely misses you. The merfolk barely misses you.
The merfolk impaler barely misses you.
You closely miss the merfolk. You block the merfolk's attack.
Your orc knight roars a battlecry!
Your orcs go into a battle-frenzy!
You block the merfolk impaler's attack. The merfolk hits you with a +0 halberd.
You pummel the merfolk!!
The merfolk is heavily wounded.
You block the merfolk impaler's attack.
You punch the merfolk!
The merfolk is severely wounded.
You block the merfolk's attack. x2
The merfolk impaler hits you but does no damage.
Your orc sorcerer gestures at the merfolk while chanting.
The bolt of negative energy hits the merfolk!
The merfolk is drained!
You catch the helpless merfolk completely off-guard!
You punch the merfolk!
You kill the merfolk!
Beogh accepts your kill. You block the merfolk impaler's attack.
The merfolk hits you but does no damage.
The merfolk impaler hits you but does no damage.
The merfolk hits you but does no damage.
The merfolk closely misses you.
The merfolk impaler hits you with a +0 trident!
You punch the merfolk impaler!
The merfolk impaler is lightly wounded.
You block the merfolk impaler's attack. You block the merfolk's attack.
The merfolk hits you but does no damage.
You miss the merfolk impaler.
The merfolk impaler is lightly wounded.
Your orc knight roars a battlecry!
Your orc knight goes into a battle-frenzy!
Your orc sorcerer casts a spell at the merfolk impaler.
The bolt of fire hits the merfolk impaler!!!
The merfolk impaler hits your orc sorcerer from afar with a +0 trident!!
You squash the merfolk impaler like an ant!!!
You kill the merfolk impaler!
Beogh accepts your kill. The merfolk closely misses you.
The merfolk hits you but does no damage.
A faun comes into view. It is wielding a +0 club.
You block the merfolk's attack. x2
Things that are here:
a +0 trident; a +0 robe; a merfolk corpse You closely miss the merfolk.
The faun shouts!
The merfolk hits you but does no damage.
You block the merfolk's attack.
You completely miss the merfolk.
The faun gestures at you while chanting.
You resist with almost no effort.
Your orc sorcerer misses the merfolk.
Your orc knight hits the merfolk with a +0 dire flail!!
You pummel the merfolk!!
You kill the merfolk!
Beogh accepts your kill.
You hear a splash.
You block the merfolk's attack.
You punch the merfolk!
The merfolk is moderately wounded.
The faun unwields a +0 club.
The faun wields a +0 sling.
The faun shoots a sling bullet.
The sling bullet hits you! The merfolk barely misses you.
You barely miss the merfolk.
The merfolk is moderately wounded.
The faun gestures at you while chanting.
You resist with almost no effort.
The merfolk hits you but does no damage.
Your orc knight barely misses the merfolk.
The faun casts a spell at you. You resist with almost no effort.
The merfolk closely misses you.
Your orc sorcerer hits the merfolk but does no damage.
The faun points at you and mumbles some strange words.
You resist with almost no effort.
You see here a throwing net.
A faun comes into view. It is wielding a +0 spear.
The faun shouts!
The merfolk attacks as it pursues you! The merfolk closely misses you.
Your orc sorcerer mumbles some strange words.
The merfolk hits you from afar with a +0 spear!
The faun shoots a sling bullet.
You block the sling bullet.
Unknown command.
A faun comes into view. It is wielding a +0 spear.
Your orc knight completely misses the merfolk.
The merfolk hits you but does no damage.
The faun shoots a sling bullet.
You block the sling bullet.
A faun comes into view.
It is wielding a +1 quarterstaff of speed.
The faun shouts!
Your orc knight hits the merfolk with a +0 dire flail!!
The merfolk attacks as it pursues you!
The merfolk hits you but does no damage.
The faun shoots a sling bullet.
The sling bullet barely misses you.
The sling bullet barely misses your orc knight.
The sling bullet hits your neqoxec!!
Found a ring mail.
Your orc sorcerer no longer looks unusually strong.
The merfolk attacks as it pursues you! You block the merfolk's attack.
The faun barely misses you.
The faun unwields a +0 sling.
The faun wields a +0 club.
The faun splashes around in the water.
You pummel the faun!!
The faun is heavily wounded.
You block the merfolk's attack. The faun hits you but does no damage.
Your orc knight roars a battlecry!
Your orc sorcerer goes into a battle-frenzy!
You squash the faun like an ant!!!
You kill the faun!
Beogh accepts your kill.
You hear a splash. x2
The merfolk throws a boomerang.
The boomerang hits you! You block the faun's attack.
You rampage towards the faun!
You beat the faun into a bloody pulp!!!
The faun is almost dead.
The faun gestures at you while chanting.
Your willpower is stripped away!
Your orc sorcerer casts a spell at the merfolk.
The merfolk suddenly stops moving!
You closely miss the faun.
Your orc knight hits the merfolk with a +0 great mace!
The merfolk dies!
Beogh accepts your kill.
You hear a splash. x2
The faun hits you with a +0 spear.
You punch the faun!
You kill the faun!
Beogh accepts your kill.
You hear a splash. x2
The faun unwields a +1 quarterstaff of speed.
The faun wields a +0 sling.
The faun shoots a sling bullet.
You block the sling bullet.
You barely miss the faun. The faun hits you but does no damage.
You pulverise the faun!!!
The faun is almost dead.
The faun shoots a sling bullet.
The sling bullet hits you. You block the faun's attack.
You hit the faun.
The faun is almost dead.
Your orc knight roars a battlecry!
Your orc knight goes into a battle-frenzy!
Your neqoxec gestures at the faun.
The faun twists and deforms.
The faun shoots a sling bullet.
The sling bullet barely misses you.
You squash the faun like an ant!!!
You kill the faun!
Beogh accepts your kill.
Your neqoxec gestures at the faun.
The faun twists and deforms.
The faun shoots a sling bullet.
You block the sling bullet.
Your Fighting skill increases to level 17!
You rampage towards the faun!
You closely miss the faun. You punch the faun!
The faun is moderately wounded.
The faun unwields a +0 sling.
The faun wields a +1 quarterstaff of speed.
You block the faun's attack.
You barely miss the faun.
The faun is moderately wounded.
Your smoke demon gestures at the faun.
The faun is smitten.
The faun hits you but does no damage.
You barely miss the faun.
The faun is heavily wounded.
Your orc knight no longer looks unusually strong.
The faun hits you with a +1 quarterstaff of speed!
You pummel the faun like a punching bag!!!
You kill the faun!
Beogh accepts your kill.
Things that are here:
a +0 spear; a +0 sling
Things that are here:
a +0 spear; a +0 sling; a faun corpse You swap places.
Things that are here:
a +0 club; a +0 sling; a faun corpse Your orc sorcerer no longer looks unusually strong.
f - 5 boomerangs (gained 3)
You see here a +0 spear.
P - 4 throwing nets (gained 1)
Your orc knight no longer looks unusually strong.
You start resting.
You feel your willpower return.
You start resting.
Your smoke demon disappears in a puff of smoke!
Your orc sorcerer chants, "I shall fear no evil, for scionoferis is my saviour."
Your neqoxec disappears in a puff of smoke!
HP restored.
You swap places.
You swap places.
You see here a +0 spear.
A merfolk javelineer comes into view.
It is wielding a +0 heavy spear and quivering silver javelins.
The merfolk javelineer shouts!
The merfolk javelineer throws a silver javelin.
The silver javelin pierces through you but does no damage.
Press: ? - help, v - describe, . - travel
Here: a merfolk javelineer, wielding a +0 heavy spear, wearing a +0 leather armour and quivering silver javelins Some shallow water.
Unknown command.
A merfolk comes into view. It is wielding a +0 trident.
The merfolk javelineer throws a silver javelin.
The silver javelin pierces through you! What are your orders? t - Shout!
Orders for allies: a - Attack new target. r - Retreat! s - Stop attacking. g - Guard the area. f - Follow me.
Anything else - Cancel.
Retreat in which direction?
Press: ? - help, Dir - move target Fall back!
The merfolk throws a boomerang.
The boomerang hits you but does no damage.
The merfolk javelineer throws a silver javelin.
The silver javelin barely misses you.
A merfolk comes into view. It is wielding a +0 trident.
The merfolk javelineer throws a silver javelin.
The silver javelin pierces through you.
The merfolk throws a boomerang.
You block the boomerang.
Things that are here:
a +0 spear; a +0 sling You rampage towards the merfolk javelineer!
The merfolk javelineer throws a silver javelin.
The silver javelin pierces through you but does no damage.
The merfolk barely misses you.
You rampage towards the merfolk!
You hit the merfolk but do no damage.
The merfolk javelineer hits you but does no damage.
The merfolk misses you.
The merfolk hits you but does no damage.
You punch the merfolk javelineer!
The merfolk javelineer is moderately wounded.
You block the merfolk's attack.
The merfolk javelineer throws a silver javelin.
The silver javelin pierces through you but does no damage.
The merfolk hits you with a +0 trident!
You barely miss the merfolk javelineer.
The merfolk javelineer is moderately wounded.
You block the merfolk's attack.
The merfolk javelineer throws a silver javelin.
The silver javelin pierces through you! The merfolk hits you with a +0 trident!
You closely miss the merfolk javelineer.
The merfolk javelineer is moderately wounded.
You pummel the merfolk javelineer!!
The merfolk javelineer is heavily wounded.
The merfolk throws a boomerang.
The boomerang hits you!
The merfolk javelineer throws a silver javelin.
The silver javelin barely misses you. You block the merfolk's attack.
You completely miss the merfolk javelineer.
The merfolk javelineer is heavily wounded.
The merfolk throws a boomerang.
You block the boomerang.
The merfolk javelineer throws a silver javelin.
The silver javelin pierces through you!
The merfolk hits you with a +0 trident!!
You pummel the merfolk javelineer like a punching bag!!!
The merfolk javelineer is almost dead.
The merfolk throws a boomerang.
You block the boomerang.
The merfolk javelineer throws a silver javelin.
The silver javelin pierces through you!
You miss the merfolk javelineer.
The merfolk javelineer is almost dead.
The merfolk hits you with a +0 trident!
You pummel the merfolk javelineer!!
You kill the merfolk javelineer!
Beogh accepts your kill.
You hear a splash. x3
You block the merfolk's attack. The merfolk hits you with a +0 trident!
* * * LOW HITPOINT WARNING * * *
The merfolk hits you with a +0 trident!
* * * LOW HITPOINT WARNING * * *
You block the merfolk's attack.
Things that are here:
a +0 heavy spear; a silver javelin; a +0 leather armour You pummel the merfolk!!
The merfolk is moderately wounded.
The merfolk closely misses you.
The merfolk hits you but does no damage.
You pummel the merfolk!!
The merfolk is almost dead.
You block the merfolk's attack.
You closely miss the merfolk.
The merfolk is almost dead.
The merfolk hits you but does no damage.
You punch the merfolk!
You kill the merfolk!
Beogh accepts your kill.
You hear a splash. x2
You block the merfolk's attack.
You punch the merfolk!
The merfolk is lightly wounded.
The merfolk barely misses you.
You barely miss the merfolk.
The merfolk is lightly wounded.
You closely miss the merfolk.
The merfolk is lightly wounded.
The merfolk hits you with a +0 trident!
* * * LOW HITPOINT WARNING * * *
You punch the merfolk!
The merfolk is heavily wounded.
You block the merfolk's attack.
You punch the merfolk!
The merfolk is severely wounded.
A wind drake comes into view.
The wind drake hisses angrily.
You pummel the merfolk!!
You kill the merfolk!
Beogh accepts your kill.
You hear a splash. x2
Things that are here:
a +0 trident; 3 boomerangs The wind drake flaps its wings at you.
The air twists around and strikes you!!
* * * LOW HITPOINT WARNING * * *
Aiming: Smiting
Press: ? - help, Dir - move target, f - wind drake Smite: a wind drake (repelling missiles)
You smite the wind drake!!!
The wind drake is severely wounded.
The wind drake flaps its wings at you. The air twists around and strikes you!!
You die...

Skill      XL: |  1  2  3  4  5  6  7  8  9 10 11 12 13 14 15 16 17 18 |
---------------+-------------------------------------------------------+-----
Fighting       | 4 5 6 7 8 9 10 11 12 13 15 16 17 | 17.0
Unarmed Combat | 4 5 6 7 9 10 12 13 14 15 17 18 19 | 19.7
Armour         | 1 2 3 5 6 8 9 10 11 12 | 12.5
Invocations    | 4 7 10 13 14 15 17 18 19 | 19.4
Shields        | 3 5 6 7 9 10 11 13 14 | 14.2
Evocations     | 3 5 6 7 8 9 |  9.2
Dodging        | 4 5 |  5.0

Action                     |  1- 3 |  4- 6 |  7- 9 | 10-12 | 13-15 | 16-18 || total
---------------------------+-------+-------+-------+-------+-------+-------++-------
  Melee: Unarmed           |   109 |   192 |   296 |   549 |   910 |  1293 ||  3349
  Throw: Dart              |       |     3 |    10 |    17 |     1 |    12 ||    43
 Invoke: Convert to Beogh  |       |     1 |       |       |       |       ||     1
         Smiting           |       |       |     2 |    13 |    48 |    41 ||   104
         Recall Orcish Fol |       |       |       |     1 |     2 |    11 ||    14
         Stop Recall       |       |       |       |     1 |     2 |     4 ||     7
         Give Item to Name |       |       |       |       |     1 |       ||     1
  Evoke: Wand              |       |     4 |     2 |     1 |       |    44 ||    51
    Use: Scroll            |       |     5 |     6 |     7 |    13 |    11 ||    42
         Potion            |       |       |     1 |     1 |     2 |     9 ||    13
   Stab: Paralysed         |       |    13 |     5 |       |       |       ||    18
         Distracted        |       |       |       |     4 |     6 |     9 ||    19
         Confused          |       |       |       |       |       |     2 ||     2
 Armour: Robe              |    31 |       |       |       |       |       ||    31
         Plate armour      |    44 |       |       |   165 |   268 |    96 ||   573
         Chain mail        |       |    87 |   228 |   191 |   300 |   665 ||  1471
  Dodge: Dodged            |    41 |    50 |    95 |   111 |   301 |   461 ||  1059
  Block: Orb               |       |    19 |    77 |       |       |       ||    96
         Reflection        |       |     1 |     2 |    10 |    26 |    92 ||   131
         Buckler           |       |       |     2 |   250 |   441 |    52 ||   745
         Kite shield       |       |       |       |       |       |   806 ||   806

Levels and vault maps discovered:
D:1:      arrival_aquarium_b, layout_basic, hellmonk_ecumenical_altar_lost_god,
          dreamdust_mushroom_princess, serial_park_tiny_pond
D:2:      layout_loops_cross, basic_altar, uniq_jessica
D:3:      layout_basic, amcnicky_altar_gilded, mainiacjoe_overflow_chevrons,
          minmay_starry_boxes
D:4:      layout_rooms, uniq_crazy_yiuf_cottage
D:5:      layout_basic, uniq_edmund, uniq_grinder, uniq_sigmund
D:6:      layout_rooms, minmay_temple_entry_statues_fountains,
          portal_sewer_entry_f
D:7:      layout_loops_ring, nicolae_ashenzari_skybound,
          mainiacjoe_overflow_small_starburst, nicolae_yredelemnul_corpse_copse,
          nzn_ghost_randoct
D:8:      layout_basic, erik_lair_island, nicolae_shop_firing_range
D:9:      minmay_goldmine, layout_small_grid
D:10:     layout_rooms, mainiacjoe_overflow_swirl, mainiacjoe_overflow_24_doors
D:11:     layout_long_grid, lemuel_blue_sif_altar
D:12:     layout_loops_corners, orc_0_dummy
D:13:     layout_rooms, uniq_snorg
D:14:     layout_cave_pods, hellmonk_vaults_order_and_chaos, serial_shops,
          nicolae_lakefront_shop, minmay_staircase_windowed_small
D:15:     gammafunk_depths_entry_grave, layout_basic, serial_shops,
          nicolae_shop_waterfront
Lair:1:   layout_chaotic_city, minmay_shattered_shrine, lemuel_fruit_tree,
          infiniplex_staircase_pool_2
Lair:2:   layout_regular_city, alex1729_snake_entry_snake, serial_forest,
          infiniplex_forest_corner_2, infiniplex_forest_clump_C,
          infiniplex_forest_clump_cross, infiniplex_forest_clump_double,
          infiniplex_forest_straight_3, infiniplex_forest_straight_4,
          infiniplex_forest_end_2, infiniplex_forest_clump_diagonal
Lair:3:   layout_misc_corridors, minmay_shoals_entry_beasts,
          lemuel_fruit_fields, uniq_nessos
Lair:4:   layout_misc_corridors, minivault_26, pdpol_lair_neglected_garden
Lair:5:   evilmike_catoblepas_cave, layout_cave_pods,
          minmay_slime_entry_pillars, minmay_lindwurm_lava, lemuel_fruit_fields
Shoals:1: cheibrodos_shoals_roost, layout_shoals, gammafunk_ghost_necromancy,
          portal_ice_cave_entry_ugly_swarm
Shoals:2: layout_shoals
Snake:1:  layout_layer_cave, minmay_shop_grove
Snake:2:  nicolae_snake_hallway, layout_cave_shapes, basic_altar,
          nicolae_large_snake_swirl, serial_bayou_shore_b, serial_bayou_shore_b,
          uniq_nikola
Snake:3:  layout_onion_interference, grunt_megastairs_5, serial_bayou_shore_a,
          serial_bayou_shore_b, uniq_vashnia, uniq_bai_suzhen, uniq_azrael
Snake:4:  grunt_snake_rune_serpentine_throne, layout_rooms,
          nicolae_shop_i_like_small_books_too, minmay_shop_mass,
          nrook_guardian_serpent_double, uniq_mara, uniq_roxanne
Orc:1:    layout_caves
Orc:2:    grunt_orc_tribal_feast, layout_diamond_mine, basic_altar,
          serial_shops, shop

Notes
Turn   | Place    | Note
-------+----------+-------------------------------------------
     0 | D:1      | scionoferis the Hill Orc Monk began the quest for the Orb.
     0 | D:1      | Reached XP level 1. HP: 19/19 MP: 1/1
     3 | D:1      | Noticed an electric eel
     4 | D:1      | Noticed an electric eel
    88 | D:1      | Reached XP level 2. HP: 19/27 MP: 2/2
   236 | D:1      | Reached skill level 4 in Fighting
   293 | D:1      | Found a faded altar of an unknown god.
   297 | D:1      | Reached skill level 4 in Unarmed Combat
   594 | D:1      | Reached XP level 3. HP: 33/33 MP: 3/3
   973 | D:2      | Found an ornate altar of the Wu Jian Council.
  1237 | D:2      | Noticed Jessica
  1241 | D:2      | Killed Jessica
  1242 | D:2      | Reached XP level 4. HP: 36/41 MP: 4/4
  1609 | D:3      | Reached skill level 5 in Unarmed Combat
  1988 | D:3      | Found a bloodstained altar of Trog.
  2021 | D:3      | Reached XP level 5. HP: 47/47 MP: 5/5
  2107 | D:3      | Reached skill level 1 in Armour
  2163 | D:3      | Found an iron altar of Okawaru.
  2569 | D:4      | Found a runed translucent door.
  2570 | D:4      | Noticed Crazy Yiuf
  2692 | D:4      | Reached skill level 5 in Fighting
  2734 | D:4      | Reached XP level 6. HP: 40/56 MP: 6/6
  2926 | D:4      | Reached skill level 6 in Unarmed Combat
  2970 | D:4      | You fall into a shaft and drop 2 floors!
  2981 | D:6      | Found a glowing drain.
  3016 | D:6      | Reached skill level 2 in Armour
  3067 | Sewer    | Entered a sewer
  3363 | D:5      | Entered Level 5 of the Dungeon
  3364 | D:5      | Became a worshipper of Beogh the Brigand
  3364 | D:5      | Reached * piety under Beogh
  3364 | D:5      | Reached ** piety under Beogh
  3405 | D:5      | Noticed Edmund
  3436 | D:5      | Killed Edmund
  3437 | D:5      | Reached XP level 7. HP: 18/61 MP: 7/7
  3604 | D:5      | Reached skill level 3 in Armour
  3641 | D:5      | Noticed Grinder
  3653 | D:5      | Killed Grinder
  3654 | D:5      | Reached skill level 6 in Fighting
  3654 | D:5      | Reached skill level 7 in Unarmed Combat
  3839 | D:5      | Reached XP level 8. HP: 68/71 MP: 8/8
  3855 | D:5      | Noticed Sigmund
  3937 | D:5      | Reached skill level 4 in Armour
  3937 | D:5      | Reached skill level 8 in Unarmed Combat
  4227 | D:4      | Killed Crazy Yiuf
  4566 | D:5      | Reached skill level 7 in Fighting
  4566 | D:5      | Reached skill level 1 in Invocations
  4756 | D:6      | Reached skill level 2 in Invocations
  4893 | D:6      | Found a staircase to the Ecumenical Temple.
  5104 | D:6      | Identified the ring "Tientiyna" {Wiz rCorr MP-9 Int+6
                  | Stlth+}
  5139 | D:6      | Reached skill level 9 in Unarmed Combat
  5139 | D:6      | Reached skill level 3 in Invocations
  5169 | D:6      | Reached skill level 5 in Armour
  5433 | D:7      | Noticed CraigForest's ghost (novice FoFi)
  5434 | D:7      | Noticed a wyvern
  5435 | D:7      | Noticed an oklob plant
  5461 | D:7      | Found a transporter.
  5466 | D:7      | Found a transporter.
  5467 | D:7      | Noticed a troll
  5501 | D:7      | Reached skill level 4 in Invocations
  5501 | D:7      | Reached XP level 9. HP: 60/79 MP: 10/12
  5579 | D:7      | Noticed a troll
  5609 | D:7      | Noticed a troll
  5612 | D:7      | Found a burning altar of Makhleb.
  5633 | D:7      | Found a basalt altar of Yredelemnul.
  5648 | D:7      | Reached skill level 5 in Invocations
  6056 | D:7      | Reached skill level 8 in Fighting
  6056 | D:7      | Reached skill level 10 in Unarmed Combat
  6056 | D:7      | Reached skill level 6 in Invocations
  6106 | D:7      | Found a broken altar of Ashenzari.
  6429 | D:8      | Reached *** piety under Beogh
  6793 | D:8      | Reached skill level 7 in Invocations
  7045 | D:8      | Noticed a troll
  7059 | D:8      | Killed a troll
  7425 | D:8      | Reached XP level 10. HP: 90/90 MP: 15/15
  7482 | D:8      | Found Ituet's Firing Range.
  7604 | D:8      | Reached skill level 8 in Invocations
  7644 | D:8      | Reached skill level 1 in Shields
  7727 | D:8      | Reached skill level 11 in Unarmed Combat
  7809 | D:8      | Found a staircase to the Lair.
  8752 | D:8      | Reached skill level 9 in Fighting
  8752 | D:8      | Reached skill level 2 in Shields
  8961 | D:9      | Reached skill level 9 in Invocations
  9097 | D:9      | Reached skill level 3 in Shields
  9488 | D:9      | Reached skill level 10 in Invocations
  9498 | D:9      | Reached skill level 12 in Unarmed Combat
  9505 | D:9      | Reached XP level 11. HP: 27/97 MP: 18/18
 10520 | D:5      | Killed Sigmund
 10667 | D:10     | Entered Level 10 of the Dungeon
 10834 | D:10     | Reached skill level 4 in Shields
 10866 | D:10     | Found a shimmering altar of Xom.
 10875 | D:10     | Found an opulent altar of Gozag.
 10933 | D:10     | Reached **** piety under Beogh
 11117 | D:10     | Reached skill level 11 in Invocations
 11139 | D:10     | Reached skill level 10 in Fighting
 11184 | D:10     | Noticed a two-headed ogre
 11189 | D:10     | Killed a two-headed ogre
 11295 | D:10     | Gained Boruk as an ally
 11431 | D:10     | Found a radiant altar of Vehumet.
 11475 | D:10     | Reached skill level 13 in Unarmed Combat
 11484 | D:10     | Reached skill level 5 in Shields
 11704 | D:11     | Noticed a two-headed ogre
 11719 | D:10     | Killed a two-headed ogre
 11720 | D:10     | Reached skill level 12 in Invocations
 12022 | D:11     | Noticed a skeletal warrior
 12023 | D:11     | Noticed a skeletal warrior
 12139 | D:10     | Killed a skeletal warrior
 12370 | D:11     | Noticed a boulder beetle
 12790 | D:11     | Killed a boulder beetle
 12947 | D:11     | Noticed a skeletal warrior
 12950 | D:11     | Killed a skeletal warrior
 12959 | D:11     | Killed a skeletal warrior
 13631 | D:11     | Found a shimmering blue altar of Sif Muna.
 13729 | D:11     | Reached skill level 13 in Invocations
 13754 | D:12     | Noticed a cyclops
 13761 | D:11     | Killed a cyclops
 13762 | D:11     | Reached XP level 12. HP: 106/106 MP: 21/21
 14354 | D:12     | Reached skill level 1 in Evocations
 14588 | D:12     | Noticed a two-headed ogre
 14609 | D:12     | Killed a two-headed ogre
 15095 | D:12     | Found a staircase to the Orcish Mines.
 15202 | D:12     | Reached skill level 3 in Dodging
 15620 | Lair:1   | Entered Level 1 of the Lair of Beasts
 15769 | D:8      | Reached skill level 14 in Unarmed Combat
 15874 | Lair:1   | Reached skill level 2 in Evocations
 16199 | Lair:1   | Gained Morguth as an ally
 16480 | Lair:1   | Noticed a skyshark
 16488 | Lair:1   | Reached skill level 6 in Armour
 16488 | Lair:1   | Killed a skyshark
 16597 | Lair:1   | Reached skill level 6 in Shields
 16855 | Lair:2   | Identified the +3 falchion "Mirchinyo" {heavy, Will+ Str+3
                  | Int+2}
 16970 | Lair:1   | Reached skill level 3 in Evocations
 17966 | Lair:2   | Found a staircase to the Snake Pit.
 18015 | Lair:2   | Reached skill level 11 in Fighting
 18489 | Lair:3   | Found a staircase to the Shoals.
 18494 | Lair:2   | Reached skill level 4 in Dodging
 18498 | Lair:2   | Reached XP level 13. HP: 108/116 MP: 23/23
 18796 | Lair:3   | Reached skill level 14 in Invocations
 18801 | Lair:3   | Your ally Boruk died
 18807 | Lair:3   | Reached skill level 7 in Armour
 18807 | Lair:3   | Reached skill level 4 in Evocations
 19051 | Lair:3   | Noticed Nessos
 19151 | Lair:3   | Killed Nessos
 19393 | Lair:3   | Identified the +9 short sword of Terror {flame, rPois rN+
                  | Str+4}
 19493 | Lair:3   | Reached skill level 7 in Shields
 20793 | Lair:4   | Gained Blodwig as an ally
 21335 | Lair:5   | Entered Level 5 of the Lair of Beasts
 21462 | Lair:4   | Reached skill level 5 in Dodging
 21462 | Lair:4   | Reached skill level 5 in Evocations
 21930 | Lair:4   | Reached skill level 8 in Armour
 21939 | Lair:5   | Found a staircase to the Slime Pits.
 21939 | Lair:5   | Found a viscous altar of Jiyva.
 22009 | Lair:5   | Reached skill level 12 in Fighting
 22041 | Lair:5   | Reached XP level 14. HP: 81/126 MP: 25/25
 22042 | Lair:5   | Reached skill level 8 in Shields
 22042 | Lair:5   | Reached skill level 15 in Unarmed Combat
 22172 | Lair:5   | Reached ***** piety under Beogh
 22317 | Lair:5   | Reached skill level 15 in Invocations
 23264 | Lair:5   | Gained Nordag as an ally
 23265 | Lair:5   | Reached skill level 6 in Evocations
 24143 | Lair:5   | Reached skill level 9 in Armour
 24169 | Lair:5   | Identified the +2 pair of gloves of Peek-a-Boo {rN+ Str+3
                  | Dex+2}
 24726 | D:7      | Reached skill level 9 in Shields
 24755 | D:7      | Killed CraigForest's ghost
 25045 | D:13     | Noticed Snorg
 25056 | D:12     | Killed Snorg
 25914 | D:14     | Found a gate to the Vaults.
 25918 | D:14     | Reached skill level 13 in Fighting
 26629 | D:14     | Reached XP level 15. HP: 136/136 MP: 26/26
 26827 | D:14     | Found Laxalum's Assorted Antiques.
 26841 | D:14     | Bought a scroll of identify for 70 gold pieces
 26841 | D:14     | Bought a scroll labelled SOR UGAROELIGEMP for 35 gold
                  | pieces
 26841 | D:14     | Bought a scroll labelled ZEFREL TOKLAKH for 35 gold pieces
 26878 | D:14     | Reached skill level 16 in Invocations
 27249 | D:15     | Entered Level 15 of the Dungeon
 27883 | D:15     | Found Hiuts's Armour Emporium.
 27906 | D:15     | Found a staircase to the Depths.
 27909 | D:15     | Reached skill level 10 in Armour
 27918 | D:15     | Reached skill level 10 in Shields
 28092 | D:15     | Reached skill level 16 in Unarmed Combat
 28783 | D:15     | Identified 4 potions of resistance
 29060 | Orc:1    | Entered Level 1 of the Orcish Mines
 29345 | Orc:2    | Entered Level 2 of the Orcish Mines
 29666 | Orc:2    | Found Geraanuy's Book Boutique.
 29814 | Orc:2    | Found a staircase to the Elven Halls.
 29858 | Orc:2    | Found a roughly hewn altar of Beogh.
 29873 | Orc:2    | Gained Dorog as an ally
 30078 | Orc:2    | Reached skill level 14 in Fighting
 30122 | Orc:2    | Your ally Dorog died
 30491 | Orc:2    | Found Tunuqul's Antique Weapon Emporium.
 30491 | Orc:2    | Found Odghef's Weapon Shop.
 30493 | Orc:2    | Found Keodoegee's Antique Weapon Emporium.
 30493 | Orc:2    | Found Yjafiz's Book Shop.
 30889 | Snake:1  | Entered Level 1 of the Snake Pit
 31329 | Snake:1  | Reached skill level 17 in Invocations
 32288 | Snake:1  | Reached skill level 15 in Fighting
 32456 | Snake:1  | Reached skill level 17 in Unarmed Combat
 32858 | Snake:1  | Found Epeanuof's Jewellery Shoppe.
 32865 | Snake:1  | Found Fuiheoga's Book Boutique.
 32866 | Snake:1  | Found Facew's Jewellery Shoppe.
 32876 | Snake:1  | Bought a ring of willpower for 250 gold pieces
 33287 | Snake:1  | Reached XP level 16. HP: 149/149 MP: 28/28
 34981 | Snake:2  | Found a shimmering blue altar of Sif Muna.
 35900 | Snake:2  | Reached skill level 18 in Invocations
 36338 | Snake:2  | Identified the +1 pair of gloves of Cylut {Dex+4}
 36338 | Snake:2  | Noticed Nikola
 36347 | Snake:2  | Killed Nikola
 36690 | Snake:3  | Reached skill level 11 in Shields
 36694 | Snake:2  | Reached skill level 7 in Evocations
 36876 | Snake:3  | Noticed Bai Suzhen
 36884 | Snake:3  | Killed Bai Suzhen
 36885 | Snake:3  | Noticed Azrael
 36895 | Snake:3  | Killed Azrael
 37139 | Snake:3  | Noticed Vashnia
 37146 | Snake:3  | Killed Vashnia
 37688 | Snake:3  | Reached skill level 18 in Unarmed Combat
 37784 | Snake:3  | Noticed a nagaraja
 37789 | Snake:3  | Killed a nagaraja
 37870 | Snake:3  | Reached skill level 11 in Armour
 38178 | Snake:3  | Reached XP level 17. HP: 157/157 MP: 30/30
 38656 | Snake:4  | Entered Level 4 of the Snake Pit
 38656 | Snake:4  | Noticed Mara
 38903 | Snake:4  | Identified the amulet "Fied Yko" {Regen+ Str+5 Stlth+}
 39244 | Snake:4  | Reached skill level 12 in Shields
 39529 | Snake:4  | Reached skill level 16 in Fighting
 39590 | Snake:4  | Killed Mara
 39758 | Snake:4  | Noticed Roxanne
 39848 | Snake:4  | Found Iqinimugh's Mass Market.
 39994 | Snake:4  | Reached skill level 8 in Evocations
 40545 | Snake:4  | Reached skill level 13 in Shields
 40785 | Snake:4  | Reached skill level 19 in Unarmed Combat
 40808 | Snake:4  | Reached XP level 18. HP: 154/168 MP: 31/31
 40999 | Snake:4  | Identified a +2 robe of resistance
 41048 | Snake:4  | Reached skill level 19 in Invocations
 41095 | Snake:4  | Got a serpentine rune of Zot
 41325 | Snake:4  | Found Nyceckim's Tiny Tomes.
 41566 | Snake:4  | Killed Roxanne
 41887 | Snake:1  | Bought a ring of flight for 332 gold pieces
 42547 | Shoals:1 | Entered Level 1 of the Shoals
 42547 | Shoals:1 | Found a runed translucent gate.
 42547 | Shoals:1 | Found a runed translucent gate.
 42547 | Shoals:1 | Found a runed translucent gate.
 42559 | Shoals:1 | Reached skill level 12 in Armour
 42598 | Shoals:1 | Found a frozen archway.
 42621 | IceCv    | Entered an ice cave
 43024 | IceCv    | Got a thrumming book
 43716 | IceCv    | Found a viscous altar of Jiyva.
 43800 | IceCv    | Identified the +5 mace of the Warrior {antimagic, Int+3}
 43815 | IceCv    | Got the ring of the Beastly God {Ice Will+ Str+3}
 44093 | Shoals:1 | Noticed riojii's ghost (adept DsSh)
 44265 | Shoals:1 | Reached skill level 9 in Evocations
 44272 | Shoals:1 | HP: 8/168 [merfolk impaler/+2 antimagic trident (17)]
 45194 | Shoals:1 | Reached skill level 14 in Shields
 45908 | Shoals:2 | Reached skill level 17 in Fighting
 45993 | Shoals:2 | Killed from afar by a wind drake

Vanquished Creatures
  Mara (Snake:4)
  Bai Suzhen (Snake:3)
  Vashnia (Snake:3)
  Nikola (Snake:2)
  A kraken (Shoals:1)
  Roxanne (Snake:4)
  8 nagarajas (Snake:3 Snake:4)
  A rockslime (IceCv)
  3 azure jellies (IceCv)
  4 quicksilver oozes (IceCv)
  A very ugly thing (Shoals:1)
  Nessos (Lair:3)
  Azrael (Snake:3)
  2 merfolk impalers (Shoals:1 Shoals:2)
  A merfolk javelineer (Shoals:2)
  2 hydras (Lair:3 Lair:4)
  A salamander tyrant (Snake:4)
  14 anacondas (Snake:1 Snake:2 Snake:4)
  2 centaur warriors (D:13)
  2 two-headed ogres (D:12 D:14)
  3 orc high priests (Orc:2)
  6 death yaks (Lair:4 Lair:5)
  17 naga sharpshooters (Snake:1 Snake:2 Snake:3 Snake:4)
  16 naga warriors (Snake:1 Snake:2 Snake:3 Snake:4)
  13 shock serpents (Snake:1 Snake:2 Snake:3 Snake:4)
  3 salamander mystics (Snake:2 Snake:4)
  4 skeletal warriors (D:10 D:11 D:14)
  The ghost of CraigForest the Poker, a novice FoFi of Jiyva (D:7)
  5 skysharks (Lair:1 Lair:4 Shoals:1)
  8 sea snakes (Snake:3 Shoals:1 Shoals:2)
  10 naga ritualists (Snake:1 Snake:2 Snake:4)
  A glowing orange brain (D:14)
  4 lindwurms (Lair:5)
  2 orange crystal statues (IceCv)
  A necromancer (D:15)
  6 harpies (Shoals:1)
  17 ugly things (D:13 D:14 D:15 Shoals:1)
  3 orc knights (Orc:2)
  A flayed ghost (D:15)
  7 mana vipers (Snake:1 Snake:4)
  5 manticores (Lair:5 D:13 D:15 Shoals:1)
  5 orc sorcerers (Orc:2)
  17 salamanders (Lair:2 Snake:1 Snake:2 Snake:3 Snake:4)
  5 fauns (Shoals:2)
  5 cyclopes (D:11 D:12 D:15)
  An oklob plant (D:7)
  A merfolk siren (Shoals:2)
  10 guardian serpents (Snake:1 Snake:2 Snake:3 Snake:4)
  2 elephants (Lair:1 Lair:3)
  34 black mambas (Lair:1 Lair:2 Snake:1 Snake:2 Snake:3)
  A water nymph (Shoals:2)
  A gargoyle (D:10)
  18 naga magi (Snake:1 Snake:2 Snake:4)
  3 cane toads (Lair:2 Lair:3 Lair:5)
  2 rime drakes (Lair:3 Lair:5)
  A freezing wraith (D:13)
  3 komodo dragons (Lair:1 Lair:4 Lair:5)
  A guardian mummy (D:15)
  7 trolls (D:7 D:14 Orc:1 Orc:2)
  8 merfolk (Shoals:1 Shoals:2)
  6 meliai (D:14)
  A hornet (D:10)
  2 snapping turtles (Shoals:1)
  Grinder (D:5)
  7 dream sheep (Lair:4 Lair:5)
  11 blink frogs (Lair:2 Lair:3 Lair:4 Lair:5)
  Sigmund (D:5)
  12 slime creatures (Lair:4 IceCv)
  4 water elementals (Shoals:1)
  A wraith (D:7)
  41 yaks (D:8 D:9 D:10 Lair:1 Lair:3)
  3 wyverns (D:7 Lair:3)
  4 vampire mosquitoes (D:14)
  2 fire elementals (Snake:3)
  A steam dragon (D:7)
  A basilisk (D:11)
  Edmund (D:5)
  An acid dragon (D:10)
  46 nagas (Lair:2 Snake:1 Snake:2 Snake:3 Snake:4)
  6 water moccasins (Lair:1 Lair:5)
  2 hell hounds (Snake:3)
  A black bear (D:5)
  3 orc warriors (Orc:2)
  2 ice beasts (D:7 D:8)
  A sky beast (shapeshifter) (D:14)
  3 great orb of eyes simulacra (IceCv)
  2 ogres (D:6 Orc:1)
  A boggart (D:14)
  4 centaurs (D:5 D:6 D:8 D:10)
  4 slime creature simulacra (IceCv)
  7 wolves (D:8 Lair:1 Lair:3 Lair:4)
  A phantom (D:7)
  A kobold brigand (D:6)
  12 bullfrogs (D:6 D:5 D:4 D:8 D:9)
  7 glowing shapeshifter simulacra (IceCv)
  2 scorpions (D:5 D:7)
  A gnoll sergeant (D:8)
  10 wights (D:8 D:9)
  A water moccasin zombie (D:7)
  A tengu zombie (D:15)
  11 killer bees (D:8 D:9 D:10)
  6 howler monkeys (D:4 D:9 D:12)
  6 electric eels (D:8 Snake:3)
  2 bullfrog zombies (D:7)
  5 hounds (D:4 D:6 D:8 D:5 D:7)
  3 centaur zombies (D:7)
  3 jellies (D:6 D:7 Lair:5)
  6 orc priests (D:5 D:6 D:8 Orc:2)
  Crazy Yiuf (D:4)
  A gnoll bouda (D:7)
  Jessica (D:2)
  2 iguanas (D:6 D:7)
  A sleepcap (D:5)
  3 orc wizards (D:5 D:9 D:14)
  A hell rat (Sewer)
  2 killer bee zombies (D:7)
  8 adders (D:2 D:3 D:4 D:5 D:6)
  12 gnolls (D:3 D:4 D:8 D:11 D:7)
  2 river rats (Sewer)
  A shadow imp (D:7)
  A white imp (D:7)
  A worm (D:4)
  A dart slug (D:2)
  18 orcs (D:3 D:4 D:5 D:6 D:7)
  5 endoplasms (D:1 D:4)
  3 giant cockroaches (D:1 D:3 D:6)
  6 goblins (D:1 D:2 D:3)
  3 hobgoblins (D:1 D:2)
  8 jackals (D:1 D:3 D:5)
  4 quokkas (D:4 D:6)
  8 ball pythons (D:1 D:3 D:4)
  3 bats (D:1 D:2)
  A frilled lizard (D:1)
  22 kobolds (D:1 D:2 D:3 D:4 D:6)
  15 rats (D:1 D:2 D:3 Sewer)
701 creatures vanquished.

Vanquished Creatures (collateral kills)
  2 merfolk impalers (Shoals:1)
  Snorg (D:12)
  A fire dragon (D:15)
  A vault guard (D:13)
  3 catoblepae (Lair:5)
  A centaur warrior (D:14)
  2 anacondas (Snake:1 Snake:4)
  2 two-headed ogres (D:10)
  3 boulder beetles (D:11 Lair:3 Lair:4)
  3 naga warriors (Snake:1 Snake:2 Snake:4)
  6 death yaks (Lair:4 Lair:5)
  2 naga sharpshooters (Snake:3 Snake:4)
  A shock serpent (Snake:2)
  A titan skeleton (D:15)
  3 skysharks (Lair:5 Shoals:1)
  3 skeletal warriors (D:14)
  3 sea snakes (Shoals:1)
  A naga ritualist (Snake:1)
  5 harpies (Shoals:1)
  A tengu zombie (D:15)
  2 orc knights (Orc:2)
  A lindwurm (Lair:4)
  3 mana vipers (Snake:1 Snake:2)
  A stone giant zombie (D:15)
  A cyclops (D:12)
  A salamander (Snake:1)
  8 ugly things (D:13 D:14 Shoals:1)
  2 manticores (Lair:3 D:13)
  A merfolk siren (Shoals:1)
  5 elephants (Lair:1 Lair:2 Lair:3)
  10 black mambas (Lair:1 Lair:3 Lair:4 Lair:5 Lair:2)
  11 cane toads (D:8 Lair:1 Lair:3 Lair:4 Lair:5)
  5 komodo dragons (D:12 Lair:1 Lair:5)
  2 rime drakes (Lair:1 Lair:5)
  A guardian mummy (D:15)
  A troll (D:8)
  9 merfolk (Shoals:1 Shoals:2)
  A polar bear (Lair:1)
  A wind drake (Lair:2)
  A hornet (shapeshifter) (D:15)
  13 dream sheep (Lair:4 Lair:5)
  15 blink frogs (Lair:1 Lair:2 Lair:3 Lair:4 Lair:5)
  3 snapping turtles (Shoals:1)
  A vampire (D:12)
  2 slime creatures (Lair:4)
  3 wraiths (D:11)
  22 yaks (D:8 D:9 D:10 Lair:3 Lair:4)
  A water elemental (Shoals:1)
  4 basilisks (Lair:3 Lair:4 Lair:5 D:13)
  A steam dragon (D:9)
  A warg (Orc:2)
  A vampire mosquito (D:14)
  A naga (Snake:1)
  7 water moccasins (D:8 Lair:1 Lair:3 Lair:4)
  6 orc warriors (D:15 D:12 Orc:2)
  A black bear (Lair:1)
  17 wolves (D:8 Lair:1 Lair:3 Lair:4 Lair:5)
  4 ogres (Orc:2)
  2 boggarts (D:13)
  2 centaurs (D:11)
  2 kobold brigands (D:9)
  8 bullfrogs (Lair:1 Lair:2 Lair:3 Lair:4)
  A gnoll sergeant (D:11)
  4 wights (D:8 D:9)
  A killer bee (D:8)
  2 howler monkeys (D:9)
  3 hounds (D:8 D:7)
  6 orc priests (D:9 D:13 D:15 Orc:1 Orc:2)
  8 orc wizards (D:9 D:5 D:13 D:14 Orc:1)
  3 gnolls (D:11)
  8 orcs (D:9 D:13 D:15 Orc:1 Orc:2)
  4 kobolds (D:9)
  3 training dummies (D:8)
  2 butterflies (Lair:5)
274 creatures vanquished.

Vanquished Creatures (others)
  6 orc knights (Lair:3 Orc:2 Snake:1 Snake:3)
  2 orc sorcerers (Snake:3)
  9 orc warriors (D:10 D:13 D:15 Orc:2 Snake:2)
  5 orc wizards (D:14 Orc:2)
  An orc priest (Orc:2)
  16 orcs (D:5 D:9 D:10 Lair:1 D:14)
  8 tentacles (Shoals:1)
47 creatures vanquished.

Grand Total: 1022 creatures vanquished

Table legend: (Time is in decaauts)
 A = Elapsed time spent in this place.
 B = Non-inter-level travel time spent in this place.
 C = Inter-level travel time spent in this place.
 D = Time resting spent in this place.
 E = Time spent auto-exploring this place.
 F = Levels seen in this place.
 G = Mean time per level.
                   A        B        C        D        E       F      G
               +--------+--------+--------+--------+--------+-----+--------+
         Total |  45495 |  41518 |   3977 |  13091 |  12219 |  30 | 1516.5 |
       Dungeon |  20323 |  18282 |   2041 |   4879 |   7346 |  15 | 1354.9 |
          Lair |   9564 |   8619 |    945 |   3206 |   1862 |   5 | 1912.8 |
        Shoals |   1969 |   1900 |     69 |    195 |    410 |   2 |  984.5 |
     Snake Pit |  10528 |   9722 |    806 |   3963 |   2006 |   4 | 2632.0 |
  Orcish Mines |   1707 |   1592 |    115 |    429 |    588 |   2 |  853.5 |
         Sewer |    151 |    151 |      0 |     47 |      0 |   1 |  151.0 |
      Ice Cave |   1250 |   1250 |      0 |    371 |      5 |   1 | 1250.0 |
               +--------+--------+--------+--------+--------+-----+--------+

Top non-repeatable levels by time:
 Snake:2: 3309 daAuts
     D:8: 2869 daAuts
 Snake:4: 2762 daAuts
  Lair:5: 2571 daAuts
 Snake:1: 2367 daAuts
  Lair:2: 2349 daAuts
 Snake:3: 2088 daAuts
    D:11: 2080 daAuts
  Lair:1: 1880 daAuts
    D:12: 1694 daAuts
     D:9: 1687 daAuts
    D:10: 1538 daAuts
Shoals:1: 1496 daAuts
  Lair:4: 1473 daAuts
    D:15: 1420 daAuts

Table legend:
 A = Non-vault XP
 B = Vault XP
 C = Vault XP percentage of total XP
 D = Non-vault monster count
 E = Vault monster count
 F = Vault count percentage of total count
                 A         B        C        D         E       F
            +---------+---------+-------+---------+---------+-------
      Total |  186678 |  113104 |  37.7 |     713 |     260 |  26.7
            +---------+---------+-------+---------+---------+-------
        D:1 |      38 |       0 |   0.0 |      25 |       0 |   0.0
        D:2 |      32 |      37 |  53.6 |      14 |       1 |   6.7
        D:3 |      96 |      12 |  11.1 |      17 |       7 |  29.2
        D:4 |     294 |      41 |  12.2 |      18 |       1 |   5.3
        D:5 |     673 |     679 |  50.2 |      19 |       3 |  13.6
        D:6 |     621 |       8 |   1.3 |      18 |       4 |  18.2
        D:7 |     779 |    3137 |  80.1 |       7 |      22 |  75.9
        D:8 |    2161 |     620 |  22.3 |      30 |      11 |  26.8
        D:9 |    3485 |      53 |   1.5 |      41 |       4 |   8.9
       D:10 |    6251 |       0 |   0.0 |      30 |       0 |   0.0
       D:11 |    3483 |       0 |   0.0 |      16 |       0 |   0.0
       D:12 |    2828 |     732 |  20.6 |      10 |       1 |   9.1
       D:13 |    4057 |     750 |  15.6 |      14 |       1 |   6.7
       D:14 |    9691 |     658 |   6.4 |      30 |       1 |   3.2
       D:15 |    5531 |    2702 |  32.8 |      13 |       8 |  38.1
     Lair:1 |    4455 |    2861 |  39.1 |      34 |      11 |  24.4
     Lair:2 |    2596 |    1003 |  27.9 |      12 |       4 |  25.0
     Lair:3 |    5804 |    1253 |  17.8 |      25 |       2 |   7.4
     Lair:4 |   10916 |     497 |   4.4 |      43 |       3 |   6.5
     Lair:5 |    9093 |   10660 |  54.0 |      47 |      28 |  37.3
   Shoals:1 |   17856 |    7866 |  30.6 |      42 |      15 |  26.3
   Shoals:2 |    7191 |       0 |   0.0 |      16 |       0 |   0.0
    Snake:1 |   21101 |     172 |   0.8 |      42 |       1 |   2.3
    Snake:2 |   20077 |   12175 |  37.7 |      43 |      22 |  33.8
    Snake:3 |   14102 |   11832 |  45.6 |      26 |      13 |  33.3
    Snake:4 |   29610 |   34264 |  53.6 |      56 |      39 |  41.1
      Orc:1 |     705 |       0 |   0.0 |       6 |       0 |   0.0
      Orc:2 |    2918 |    6307 |  68.4 |      18 |      18 |  50.0
      Sewer |       0 |      62 | 100.0 |       0 |       6 | 100.0
      IceCv |     234 |   14723 |  98.4 |       1 |      34 |  97.1
            +---------+---------+-------+---------+---------+-------
